 Seeded DCSS version 0.27.1-33-g824d729ab1 (webtiles) character file.

Game seed: 1804034943127337514 (custom seed)

123 croobank the Skirmisher (level 4, -3/35 HPs)
             Began as a Demonspawn Monk on Dec 12, 2021.
             Slain by a hound (4 damage)
             ... on level 4 of the Dungeon.
             The game lasted 00:10:20 (2528 turns).

croobank the Skirmisher (Demonspawn Monk)           Turns: 2528, Time: 00:10:21

Health: -3/35      AC:  4    Str: 12    XL:     4   Next: 80%
Magic:  4/4        EV: 12    Int: 14    God:
Gold:   103        SH:  0    Dex: 15    Spells: 2/3 levels left

rFire    . . .     SeeInvis .   a - +0 spear
rCold    . . .     Faith    .   (no shield)
rNeg     + . .     Spirit   .   d - +0 leather armour
rPois    .         Reflect  .   (no helmet)
rElec    .         Harm     .   e - +0 cloak
rCorr    .         Rampage  .   (no gloves)
Will     .....                  (no boots)
Stlth    ++........             (no amulet)
HPRegen  0.11/turn              o - ring of positive energy
MPRegen  0.18/turn              (no ring)

@: no status effects
A: magic regeneration, big brain 1
a: no special abilities


You were on level 4 of the Dungeon.
You visited 1 branch of the dungeon, and saw 4 of its levels.

You collected 103 gold pieces.

Inventory:

Hand Weapons
 a - a +0 spear (weapon)
 f - a +0 hand axe
 n - a +0 war axe
Missiles
 c - 9 sling bullets
 h - 2 boomerangs (quivered)
 m - 64 stones
 p - 21 poisoned darts
Armour
 b - a +0 robe
 d - a +0 leather armour (worn)
 e - a +0 cloak (worn)
 g - a +0 scale mail
Magical Staves
 q - a staff of conjuration
Jewellery
 o - a ring of positive energy (left hand)
Potions
 i - 2 potions of flight {flight, unknown}
 j - 2 potions of attraction {attract, unknown}
 k - a potion of degeneration {degen, unknown}
 l - a potion of magic {magic, unknown}


   Skills:
 + Level 3.5 Fighting
 + Level 3.4 Polearms
 + Level 1.2 Throwing
 + Level 1.4 Armour
 + Level 3.3 Dodging
 + Level 2.1 Stealth


You had 2 spell levels left.
You knew the following spells:

 Your Spells              Type           Power      Damage    Failure   Level
a - Foxfire               Conj/Fire      0%         2x1d4     36%         1

Your spell library contained the following spells:

 Spells                   Type           Power      Damage    Failure   Level
 Conjure Flame            Conj/Fire      0%         6-21      73%         3
 Inner Flame              Hex/Fire       0%         N/A       73%         3


Dungeon Overview and Level Annotations

Branches:
Dungeon (4/15)
 Temple: D:4-7

Altars:


Innate Abilities, Weirdness & Mutations

You regenerate magic rapidly.
You have an unusually large brain. (Int +2)


Message History

A dart slug comes into view.
The hound barely misses you.
The hound stops to sniff the ground.
The hound bites you but does no damage.
You closely miss the hound.
The hound is severely wounded.
The hound skeleton bites you. The hound closely misses you.
The hound misses you. The dart slug launches a dart at you.
The slug dart misses you. The hound skeleton bites you. The hound bites you.
The hound barely misses you. The hound barely misses you. The hound bites you.
* * * LOW HITPOINT WARNING * * *
The hound bites you.
* * * LOW HITPOINT WARNING * * *
The hound bites you but does no damage. The hound bites you.
* * * LOW HITPOINT WARNING * * *
The hound bites you.
* * * LOW HITPOINT WARNING * * *
You see here a +0 dagger.
Okay, then.
You aren't carrying any scrolls.
You hit the hound but do no damage. The hound bites you but does no damage.
You hit the hound.
The hound is moderately wounded.
The hound bites you but does no damage.
You hit the hound.
The hound is moderately wounded.
The hound barely misses you. x2
You miss the hound.
The hound is moderately wounded.
The hound barely misses you.
You hit the hound.
The hound is heavily wounded.
The hound misses you. The hound bites you.
* * * LOW HITPOINT WARNING * * *
You miss the hound.
The hound is heavily wounded.
The hound bites you.
You die...

#.......#.....
.##..<......<...
..................
................#
#..............##
##.....##........+
#.......#.....#.##
#......(.....####.
#@###.......##o..S
##hZ.........####.
#h...w.......#.##
#...#............#
#..#.###.:...#....#
.......
#...........
##...##
............ #..#
............. ##.
.............


You could see 2 hounds, a dart slug and a hound skeleton.

Vanquished Creatures
  A scorpion (D:3)
  3 adders
  A worm (D:3)
  3 dart slugs
  3 ball pythons
  2 bats (D:1)
  4 endoplasms
  2 giant cockroaches (D:2)
  4 goblins
  2 quokkas (D:1)
  3 frilled lizards
  2 kobolds
  4 rats
34 creatures vanquished.

Notes
Turn   | Place    | Note
-------+----------+-------------------------------------------
     0 | D:1      | croobank the Demonspawn Monk began the quest for the Orb.
     0 | D:1      | Reached XP level 1. HP: 18/18 MP: 1/1
   255 | D:1      | Gained mutation: You have an unusually large brain. (Int
                  | +2) [demonic ancestry]
   255 | D:1      | Reached XP level 2. HP: 4/24 MP: 2/2
  1188 | D:2      | Gained mutation: You regenerate magic rapidly. [demonic
                  | ancestry]
  1188 | D:2      | Reached XP level 3. HP: 19/29 MP: 3/3
  1655 | D:3      | Noticed a scorpion
  1668 | D:3      | HP: 1/29 [scorpion (4)]
  1670 | D:3      | Killed a scorpion
  1671 | D:3      | Reached skill level 1 in Armour
  1671 | D:3      | Reached XP level 4. HP: 2/35 MP: 4/4
  2148 | D:3      | Reached skill level 1 in Throwing
  2382 | D:3      | Learned a level 1 spell: Foxfire
  2527 | D:4      | HP: 1/35 [hound (2)]
  2528 | D:4      | Slain by a hound

Illustrated notes

Levels and vault maps discovered:
D:1:      lordsloth_arrival_two_stooges, layout_rooms, minivault_14
D:2:      layout_loops_ring
D:3:      layout_rooms
D:4:      layout_cave_pools, mainiacjoe_overflow_alcove_4,
          minmay_fractal_squares_gapless_5

Skill      XL: |  1  2  3  4 |
---------------+-------------+-----
Dodging        | 3 |  3.3
Polearms       | 3 |  3.4
Armour         | 1 |  1.4
Stealth        | 2 |  2.1
Throwing       | 1 |  1.2
Fighting       | |  3.5

Action                   |  1- 3 |  4- 6 || total
-------------------------+-------+-------++-------
Melee: Spear             |    90 |    27 ||   117
Throw: Boomerang         |    20 |    11 ||    31
  Use: Scroll            |     1 |       ||     1
       Potion            |     1 |       ||     1
 Stab: Sleeping          |     3 |       ||     3
Armor: Robe              |     4 |       ||     4
       Leather armour    |     8 |     6 ||    14
Dodge: Dodged            |    59 |    23 ||    82
